[Event "Titled Tuesday Blitz June 20 Early 2023"]
[White "Nikolova, Adriana"]
[Black "Jaracz, Pawel"]
[WhiteFideId "2908689"]
[BlackFideId "1102222"]
[WhiteElo "2213"]
[BlackElo "2454"]
[Result "0-1"]
[Round "4"]
[TimeControl "180+2"]
[Date "2023.06.20"]
[WhiteClock "0:00:10"]
[BlackClock "0:00:09"]
[Board "116"]

1. d4 Nf6 2. Bf4 e6 3. e3 c5 4. c3 Nc6 5. Nd2 d5 6. Bd3 Be7 7. Ngf3 Nh5 8. Bg3 g6 9. Ne5 cxd4 10. exd4 Nxe5 11. Bxe5 f6 12. g4 fxe5 13. gxh5 e4 14. Bb5+ Bd7 15. Bxd7+ Qxd7 16. Qg4 O-O-O 17. O-O-O Rhg8 18. Kb1 gxh5 19. Qxh5 Bg5 20. Nb3 Qe8 21. Qxh7 Rd7 22. Qh3 Rf7 23. Nc5 Rf5 24. Rhg1 b6 25. Nb3 Rh8 26. Qg3 Bf4 27. Qg7 Rf7 28. Qg6 Rh6 29. Qg8 Qxg8 30. Rxg8+ Kd7 31. Rdg1 Rxh2 32. R1g7 Rh7 33. Rxf7+ Rxf7 34. Ra8 Kc6 35. a4 a5 36. Rc8+ Bc7 37. Re8 Kd7 38. Rh8 Rxf2 39. Rh7+ Kc6 40. Rh3 Bf4 41. Na1 Rf1+ 42. Ka2 Rc1 43. Rh4 e3 44. Rxf4 e2 45. Nb3 e1=Q 46. Nxc1 Qxc1 47. Rf6 Kd6 48. Rf8 Qd1 49. Ka3 Ke7 50. Rb8 Qa1+ 51. Kb3 Qd1+ 52. Ka3 Kf6 53. Rxb6 Kf5 54. Rb5 Ke4 55. Rxa5 Kd3 56. Rb5 Kc2 57. Kb4 Kxb2 58. Kc5+ Kxc3 59. Rb4 Qa1 60. Rb5 Qa3+ 61. Kb6 Qxa4 62. Rc5+ Kxd4 63. Rc6 e5 64. Rd6 e4 65. Kc7 Qb4 66. Rd7 Qc5+ 67. Kd8 e3 68. Rc7 Qxc7+ 69. Kxc7 e2 70. Kd6 e1=Q 71. Kd7 Qc3 72. Kd6 Kc4 73. Kd7 d4 0-1


[Site "https://www.chess.com"]

[Event "Titled Tuesday Blitz June 20 Early 2023"]
[White "Toncheva, Nadya"]
[Black "Haug, Havard"]
[WhiteFideId "2924056"]
[BlackFideId "1547887"]
[WhiteElo "2101"]
[BlackElo "2396"]
[Result "0-1"]
[Round "4"]
[TimeControl "180+2"]
[Date "2023.06.20"]
[WhiteClock "0:00:03"]
[BlackClock "0:00:03"]
[Board "117"]

1. d4 d5 2. c4 e6 3. Nc3 c5 4. cxd5 cxd4 5. Qa4+ Bd7 6. Qxd4 exd5 7. Qxd5 Nf6 8. Qxb7 Nc6 9. Qb3 Bc5 10. e3 O-O 11. Nf3 Bf5 12. a3 Ne4 13. Be2 Rb8 14. Qd1 Qa5 15. O-O Nxc3 16. bxc3 Qxc3 17. Bd2 Qf6 18. Qc1 Bd6 19. Qc3 Ne5 20. Rac1 Nxf3+ 21. Bxf3 Qxc3 22. Rxc3 Rb2 23. Bc1 Rbb8 24. Rd1 Be7 25. e4 Be6 26. Bf4 Rbc8 27. Rdc1 Rcd8 28. h3 Bd6 29. e5 Bb8 30. Bg3 Rd2 31. R1c2 Rd4 32. Be2 g5 33. Bf3 Kg7 34. Rc1 Rfd8 35. Kh2 Rd2 36. R1c2 R2d3 37. Be2 Rd2 38. Rxd2 Rxd2 39. Bf3 a6 40. Rc6 Ba7 41. Rxa6 Bxf2 42. Bxf2 Rxf2 43. Kg3 Rb2 44. a4 Ra2 45. Ra7 Ra3 46. a5 h5 47. Kf2 g4 48. hxg4 hxg4 49. Be4 g3+ 50. Ke2 Bg4+ 51. Kd2 Kf8 52. a6 Be6 53. Ra8+ Kg7 54. a7 Bc4 55. Kc2 Be6 56. Kb2 Ra4 57. Bc6 Ra5 58. Kc3 Ra1 59. Kb4 Bf5 60. Kc5 Rc1+ 61. Kb6 Rxc6+ 62. Kb7 Be4 63. Rg8+ Kxg8 64. a8=Q+ Rc8+ 0-1


[Site "https://www.chess.com"]

[Event "Titled Tuesday Blitz June 20 Early 2023"]
[White "Mattheii"]
[Black "Seemann, Jakub"]
[BlackFideId "21874697"]
[WhiteElo "2472"]
[BlackElo "2364"]
[Result "0-1"]
[Round "4"]
[TimeControl "180+2"]
[Date "2023.06.20"]
[WhiteClock "0:00:03"]
[BlackClock "0:01:04"]
[Board "118"]

1. d4 d5 2. c4 dxc4 3. e3 Nf6 4. Nf3 e6 5. Bxc4 a6 6. a4 c5 7. O-O Nc6 8. Qe2 cxd4 9. exd4 Nxd4 10. Nxd4 Qxd4 11. Rd1 Qc5 12. Be3 Qc7 13. a5 Bc5 14. Bg5 Bd7 15. Nc3 Bc6 16. Rac1 O-O 17. Bxf6 gxf6 18. Rd3 f5 19. Rh3 Qf4 20. Rf1 Rad8 21. Qh5 h6 22. Bxe6 Kg7 23. Bxf5 Rd2 24. Rg3+ Kh8 25. Ne2 Qxf2+ 26. Rxf2 Rd1# 0-1


[Site "https://www.chess.com"]

[Event "Titled Tuesday Blitz June 20 Early 2023"]
[White "Martic, Ivan"]
[Black "LangesNasenhaar"]
[WhiteFideId "929301"]
[WhiteElo "2346"]
[BlackElo "2470"]
[Result "1-0"]
[Round "4"]
[TimeControl "180+2"]
[Date "2023.06.20"]
[WhiteClock "0:01:33"]
[BlackClock "0:01:02"]
[Board "119"]

1. d4 g6 2. c4 Bg7 3. Nc3 c5 4. d5 Bxc3+ 5. bxc3 f5 6. h4 Nf6 7. Qa4 Kf7 8. Nf3 d6 9. Ng5+ Kg7 10. g3 h6 11. Nh3 e5 12. dxe6 Bxe6 13. Rb1 Nc6 14. Rxb7+ Ne7 15. Nf4 Bf7 16. Bg2 Rb8 17. Qxa7 Rxb7 18. Qxb7 Ne4 19. Bxe4 fxe4 20. Qxe4 Re8 21. O-O Nf5 22. Qd3 Qa5 23. e4 Qxa2 24. exf5 Bxc4 25. Qxd6 Bxf1 26. Qxg6+ Kf8 1-0


[Site "https://www.chess.com"]

[Event "Titled Tuesday Blitz June 20 Early 2023"]
[White "Gubajdullin, Alexei"]
[Black "Manukian, Artak"]
[WhiteFideId "4141202"]
[BlackFideId "13301373"]
[WhiteElo "2279"]
[BlackElo "2130"]
[Result "1-0"]
[Round "4"]
[TimeControl "180+2"]
[Date "2023.06.20"]
[WhiteClock "0:01:47"]
[BlackClock "0:00:51"]
[Board "120"]

1. d4 Nf6 2. Nf3 d5 3. Bf4 Bf5 4. e3 e6 5. c4 Bxb1 6. Qxb1 Bb4+ 7. Kd1 Ne4 8. Bg3 O-O 9. Bd3 f5 10. Ke2 Nd7 11. Rc1 c6 12. a3 Ba5 13. b4 Bc7 14. cxd5 exd5 15. b5 Bxg3 16. hxg3 Rc8 17. bxc6 bxc6 18. Qb7 Rc7 19. Qa6 Ndf6 20. Ne5 Ng4 21. Rxc6 Nexf2 22. Rxc7 Qxc7 23. Qe6+ Kh8 24. Rc1 Qb7 25. Nf7+ 1-0


[Site "https://www.chess.com"]

[Event "Titled Tuesday Blitz June 20 Early 2023"]
[White "Moksh Amit Doshi"]
[Black "Luo, Terry"]
[WhiteFideId "25064967"]
[BlackFideId "30931045"]
[WhiteElo "2297"]
[BlackElo "2265"]
[Result "1-0"]
[Round "4"]
[TimeControl "180+2"]
[Date "2023.06.20"]
[WhiteClock "0:01:03"]
[BlackClock "0:01:37"]
[Board "121"]

1. e4 e5 2. Nf3 Nc6 3. Bb5 a6 4. Ba4 Nf6 5. O-O Be7 6. Re1 b5 7. Bb3 d6 8. c3 O-O 9. h3 h6 10. d4 Bd7 11. Nbd2 a5 12. Nf1 a4 13. Bc2 Re8 14. Ng3 Bf8 15. Rb1 exd4 16. cxd4 Nb4 17. Bf4 a3 18. Bb3 Be6 19. d5 Bd7 20. Qd2 Na6 21. e5 dxe5 22. Nxe5 Bd6 23. Bc2 Nc5 24. b4 Na4 25. Rb3 Nb6 26. Nf5 Bxf5 27. Bxf5 Bxe5 28. Bxe5 Nc4 29. Qd4 Qxd5 30. Qxd5 Nxd5 31. Bc3 Nxc3 32. Rxe8+ Rxe8 33. Rxc3 Re1+ 34. Kh2 Ra1 35. Rc2 Rb1 36. Rxc4 Rb2 37. Rxc7 Rxf2 38. Rc8# 1-0


[Site "https://www.chess.com"]

[Event "Titled Tuesday Blitz June 20 Early 2023"]
[White "Janaszak, Dawid"]
[Black "Balla, Tamas-Kristof"]
[WhiteFideId "1119206"]
[BlackFideId "1208497"]
[WhiteElo "2220"]
[BlackElo "2334"]
[Result "1-0"]
[Round "4"]
[TimeControl "180+2"]
[Date "2023.06.20"]
[WhiteClock "0:00:14"]
[BlackClock "0:00:02"]
[Board "122"]

1. e4 c5 2. Nc3 Nc6 3. Bb5 Nd4 4. Nf3 Nf6 5. e5 Nxb5 6. Nxb5 Nd5 7. Ng5 f6 8. exf6 Nxf6 9. O-O a6 10. Nc3 e6 11. d4 cxd4 12. Qxd4 Be7 13. Bf4 O-O 14. Bd6 b5 15. Rad1 Bb7 16. Rfe1 Bxd6 17. Qxd6 Ng4 18. Nce4 Nxf2 19. Nxe6 Nxe4 20. Rxe4 Qf6 21. Nxf8 Qxd6 22. Rxd6 Bxe4 23. Nxd7 Bxc2 24. Nb6 Rb8 25. Kf2 Bg6 26. Ke3 Rf8 27. Nd5 Ra8 28. Nc7 Rc8 29. Nxa6 Rc2 30. Rd2 Rc1 31. b3 h6 32. a4 bxa4 33. bxa4 Ra1 34. Nc5 Bf7 35. Rd8+ Kh7 36. Rd7 Bg6 37. Ra7 Bc2 38. a5 Ra3+ 39. Kd4 Bd1 40. a6 Ra2 41. Rf7 Rxg2 42. a7 Ra2 43. Ne6 Bb3 44. Rxg7+ Kh8 45. Rb7 Bxe6 46. Rb8+ Kg7 47. a8=Q Rxa8 48. Rxa8 Kg6 49. Ke5 Bg4 50. Rg8+ Kh5 51. Kf4 Be6 52. Re8 Bf7 53. Rh8 Be6 54. Ke5 Bg4 55. Kf6 Be2 56. Kg7 Kg4 57. Rxh6 Bf1 58. h4 Bd3 59. Kf6 Be2 60. Rh8 Bd3 61. h5 Kf4 62. h6 1-0


[Site "https://www.chess.com"]

[Event "Titled Tuesday Blitz June 20 Early 2023"]
[White "Degenbaev, Aziz"]
[Black "i_like_explosions"]
[WhiteFideId "13802640"]
[WhiteElo "2152"]
[BlackElo "2396"]
[Result "1-0"]
[Round "4"]
[TimeControl "180+2"]
[Date "2023.06.20"]
[WhiteClock "0:00:05"]
[BlackClock "0:00:02"]
[Board "123"]

1. e4 c5 2. Nf3 Nc6 3. Bb5 e6 4. Bxc6 bxc6 5. d3 Qc7 6. O-O e5 7. Nh4 Ne7 8. f4 Ng6 9. Nxg6 hxg6 10. Qf3 d6 11. Na3 Be6 12. b3 Be7 13. f5 gxf5 14. exf5 Bd5 15. Qg3 Bh4 16. Qg4 f6 17. g3 Bg5 18. Bxg5 fxg5 19. c4 Bf7 20. Qxg5 Rh5 21. Qg4 Qd7 22. Nc2 O-O-O 23. b4 Rdh8 24. Rf2 g6 25. b5 gxf5 26. bxc6 Qe6 27. Qf3 Be8 28. Rb1 Qh6 29. c7 Kxc7 30. Qb7+ Kd8 31. Qxa7 Bd7 32. Rb8+ Ke7 33. Rxh8 Qxh8 34. Ne3 f4 35. Nd5+ Ke6 36. gxf4 Qg7+ 37. Kf1 Qg4 38. Nc7+ Ke7 39. Nd5+ Ke6 40. Re2 Qf3+ 41. Ke1 Qh1+ 42. Kd2 Rxh2 43. fxe5 Rxe2+ 44. Kxe2 Qh2+ 45. Kd1 Qxe5 46. Qb8 Qa1+ 47. Ke2 Qxa2+ 48. Ke3 Qa1 49. Qg8+ Kf5 50. Qf7+ Kg4 51. Qxd7+ Kg3 52. Qxd6+ Kg2 53. Qxc5 Qe1+ 54. Kf4 Qh4+ 55. Ke5 Qg5+ 56. Kd6 Qg6+ 57. Kc7 Qf7+ 58. Kb6 Kf1 59. Qc6 Ke2 60. c5 Qf2 61. Nc3+ Ke1 62. Nb5 Qb2 63. Qd5 Kd2 64. c6 Qb4 65. c7 Qa4 66. c8=Q Qa1 67. Qc3+ Qxc3 68. Nxc3 Kxc3 69. Qc4+ 1-0


[Site "https://www.chess.com"]

[Event "Titled Tuesday Blitz June 20 Early 2023"]
[White "Belov, Alexei"]
[Black "Szente Varga, Fruzsina"]
[WhiteFideId "4128206"]
[BlackFideId "712264"]
[WhiteElo "2574"]
[BlackElo "1994"]
[Result "1-0"]
[Round "4"]
[TimeControl "180+2"]
[Date "2023.06.20"]
[WhiteClock "0:01:05"]
[BlackClock "0:00:14"]
[Board "124"]

1. e4 e5 2. Nf3 Nc6 3. Bb5 a6 4. Ba4 Nf6 5. d4 exd4 6. O-O b5 7. Bb3 d6 8. Ng5 Ne5 9. f4 Nc4 10. e5 Ng4 11. e6 Bxe6 12. Nxe6 Qh4 13. Nxc7+ Kd7 14. h3 Nge3 15. Bxe3 Nxe3 16. Qxd4 Nxf1 17. Nxa8 Qd8 18. Nb6+ Kc6 19. Bd5+ Kc7 20. Kxf1 Be7 21. Bf3 Bf6 22. Nd5+ Kb8 23. Nxf6 gxf6 24. Nc3 Re8 25. a4 b4 26. Qxb4+ 1-0


[Site "https://www.chess.com"]

[Event "Titled Tuesday Blitz June 20 Early 2023"]
[White "Aldokhin, Ivan"]
[Black "Fajdetic, Hrvoje"]
[WhiteFideId "24115720"]
[BlackFideId "14501945"]
[WhiteElo "2322"]
[BlackElo "2185"]
[Result "1-0"]
[Round "4"]
[TimeControl "180+2"]
[Date "2023.06.20"]
[WhiteClock "0:01:33"]
[BlackClock "0:00:00"]
[Board "125"]

1. e4 e6 2. d4 d5 3. Nc3 dxe4 4. Nxe4 Nd7 5. Nf3 Ngf6 6. Nxf6+ Nxf6 7. g3 Be7 8. Bg2 O-O 9. O-O Rb8 10. Qe2 Nd7 11. Rd1 Bf6 12. Bf4 b6 13. Ne5 Bxe5 14. dxe5 Qe7 15. Rd2 Bb7 16. Rad1 Nc5 17. Bxb7 Rxb7 18. b4 Na4 19. Qa6 Qxb4 20. Qxb7 Nc3 21. Re1 Nd5 22. Rde2 Nxf4 23. gxf4 Qxf4 24. Qe4 Qg5+ 25. Kh1 Qe7 26. Rd1 Qa3 27. Red2 c5 28. Rd8 1-0


[Site "https://www.chess.com"]

[Event "Titled Tuesday Blitz June 20 Early 2023"]
[White "Mazurkiewicz, Michal"]
[Black "Ambartsumova, Karina"]
[WhiteFideId "1124943"]
[BlackFideId "4166299"]
[WhiteElo "2063"]
[BlackElo "2240"]
[Result "1-0"]
[Round "4"]
[TimeControl "180+2"]
[Date "2023.06.20"]
[WhiteClock "0:01:35"]
[BlackClock "0:00:11"]
[Board "126"]

1. e4 c5 2. Nf3 Nc6 3. g3 Qc7 4. Bg2 Nf6 5. d3 g6 6. O-O Bg7 7. Re1 d6 8. c3 e5 9. h3 O-O 10. d4 cxd4 11. cxd4 Nxd4 12. Nxd4 exd4 13. Qxd4 Ng4 14. Qd1 Ne5 15. Nc3 Be6 16. Nd5 Bxd5 17. Qxd5 Rac8 18. Bf4 Qb6 19. b3 Rc5 20. Qd2 Rc6 21. Rac1 Rfc8 22. Rxc6 Rxc6 23. Rc1 Qa6 24. Be3 b5 25. Rxc6 Qxc6 26. f4 Nd7 27. e5 d5 28. Bxd5 Qc7 29. e6 Nf6 30. exf7+ Kf8 31. Qb4+ 1-0


[Site "https://www.chess.com"]

[Event "Titled Tuesday Blitz June 20 Early 2023"]
[White "Shtompel, Yuriy"]
[Black "Aloma Vidal, Robert"]
[WhiteFideId "14168278"]
[BlackFideId "2260409"]
[WhiteElo "1844"]
[BlackElo "2435"]
[Result "0-1"]
[Round "4"]
[TimeControl "180+2"]
[Date "2023.06.20"]
[WhiteClock "0:00:00"]
[BlackClock "0:00:19"]
[Board "127"]

1. Nf3 d5 2. g3 c6 3. Bg2 Bg4 4. O-O Nd7 5. h3 Bh5 6. d3 e5 7. e4 dxe4 8. dxe4 Ngf6 9. Qe2 Bc5 10. Re1 O-O 11. Nbd2 a5 12. Nf1 a4 13. g4 Bg6 14. Ng3 Qb6 15. c3 Rfe8 16. Nh4 Nf8 17. Be3 Ne6 18. Bf1 Nf4 19. Qc2 Bxe3 20. fxe3 Red8 21. Rad1 Rxd1 22. Qxd1 Nxe4 23. Kh2 Nxg3 24. Kxg3 Ne6 25. Bc4 Rd8 26. Qe2 Ng5 27. Nxg6 hxg6 28. e4 Qc5 29. h4 Nh7 30. g5 b5 31. Bd3 a3 32. Bc2 axb2 33. Bb3 Qxc3+ 34. Kg4 Kf8 35. Qf2 f5+ 36. exf5 Rd4+ 37. Re4 Rxe4+ 0-1


[Site "https://www.chess.com"]

[Event "Titled Tuesday Blitz June 20 Early 2023"]
[White "whiteglovethief"]
[Black "Skaric, Djuro"]
[BlackFideId "934569"]
[WhiteElo "2533"]
[BlackElo "2282"]
[Result "0-1"]
[Round "4"]
[TimeControl "180+2"]
[Date "2023.06.20"]
[WhiteClock "0:00:00"]
[BlackClock "0:01:51"]
[Board "128"]

1. d4 d6 2. c4 g6 3. Nc3 Bg7 4. e4 Nf6 5. Nf3 O-O 6. Be2 Nc6 7. d5 Ne5 8. Nxe5 dxe5 9. O-O h6 10. Be3 Ne8 11. f3 f5 12. c5 f4 13. Bf2 g5 14. Rc1 Rf6 15. Qb3 Kh8 16. Rfd1 Rg6 17. g4 fxg3 18. hxg3 g4 19. fxg4 Bxg4 20. Bxg4 Rxg4 21. Qxb7 Rb8 22. Qc6 Nf6 23. d6 cxd6 24. cxd6 exd6 25. Rxd6 Qf8 26. Rf1 Qf7 27. Rfd1 Rxb2 28. Qc8+ Kh7 29. Qf5+ Rg6 30. R1d2 Rxd2 31. Rxd2 Qc4 32. Ne2 Qxe4 33. Qxe4 Nxe4 34. Rd7 a6 35. Ra7 Rc6 36. Be3 Kg6 37. Kf1 Bf6 38. Ng1 Nxg3+ 39. Kg2 Nf5 40. Nf3 Nxe3+ 41. Kf2 Nd5 0-1


[Site "https://www.chess.com"]

[Event "Titled Tuesday Blitz June 20 Early 2023"]
[White "Ismagilov, Damir"]
[Black "Kovacsy, Barnabas"]
[WhiteFideId "34199982"]
[BlackFideId "769290"]
[WhiteElo "2104"]
[BlackElo "2130"]
[Result "0-1"]
[Round "4"]
[TimeControl "180+2"]
[Date "2023.06.20"]
[WhiteClock "0:00:13"]
[BlackClock "0:00:43"]
[Board "129"]

1. d4 Nf6 2. Bf4 g6 3. Nc3 Bg7 4. Qd2 O-O 5. Bh6 d5 6. O-O-O Ne4 7. Nxe4 dxe4 8. Bxg7 Kxg7 9. f3 Qd5 10. Kb1 a5 11. fxe4 Qxe4 12. Nf3 Nc6 13. e3 Bf5 14. Bd3 Qd5 15. c4 Bxd3+ 16. Qxd3 Qd6 17. e4 e5 18. d5 Ne7 19. h4 f6 20. h5 g5 21. Qe3 h6 22. c5 Qd7 23. d6 Nc6 24. dxc7 Qxc7 25. Rd6 Rfd8 26. Rhd1 Rxd6 27. cxd6 Qd7 28. a3 Rd8 29. Qb6 Qf7 30. Nh2 Rd7 31. Nf1 Qxh5 32. Rd2 Qh1 33. Rd1 Qxg2 34. Qe3 Nd4 35. Ng3 Qc2+ 36. Ka2 Qxd1 37. Nh5+ Qxh5 38. Qc3 Qf7+ 39. b3 Qxb3+ 40. Qxb3 Nxb3 41. Kxb3 Rxd6 42. Kc4 Rc6+ 0-1


[Site "https://www.chess.com"]

[Event "Titled Tuesday Blitz June 20 Early 2023"]
[White "Shuvalov, Evgenij"]
[Black "Antonio, Jorge Carlos"]
[WhiteFideId "4187237"]
[BlackFideId "113190"]
[WhiteElo "2080"]
[BlackElo "2247"]
[Result "1/2-1/2"]
[Round "4"]
[TimeControl "180+2"]
[Date "2023.06.20"]
[WhiteClock "0:00:58"]
[BlackClock "0:01:22"]
[Board "130"]

1. d4 d5 2. c4 c6 3. Nf3 Nf6 4. Nc3 e6 5. e3 Nbd7 6. b3 Bb4 7. Bd2 Be7 8. Bd3 O-O 9. O-O b6 10. e4 dxe4 11. Nxe4 Nxe4 12. Bxe4 Bb7 13. Qe2 Nf6 14. Bc2 Qc7 15. Bc3 Rad8 16. Rad1 Rfe8 17. Rfe1 a5 18. Ne5 Bb4 19. Bxb4 axb4 20. g4 Nd7 21. Qd3 g6 22. Nxd7 Qxd7 23. Qe3 Qe7 24. Qh6 Qf6 25. g5 Qg7 26. Qxg7+ Kxg7 27. Be4 h6 28. h4 hxg5 29. hxg5 Ra8 30. Re2 Re7 31. f4 c5 32. Bxb7 Rxb7 33. d5 exd5 34. Rxd5 Rba7 35. Rdd2 Rh8 36. Kg2 Rh4 37. Kg3 Rh1 38. Rd6 Rg1+ 39. Kf2 Ra1 40. Rdd2 Rh1 41. Kg2 Ra1 42. Kg3 1/2-1/2


[Site "https://www.chess.com"]

[Event "Titled Tuesday Blitz June 20 Early 2023"]
[White "Brueckner, Thomas"]
[Black "Christiansen, Johan-Sebastian"]
[WhiteFideId "4600452"]
[BlackFideId "1512668"]
[WhiteElo "2319"]
[BlackElo "2531"]
[Result "0-1"]
[Round "4"]
[TimeControl "180+2"]
[Date "2023.06.20"]
[WhiteClock "0:01:23"]
[BlackClock "0:01:59"]
[Board "131"]

1. d4 Nf6 2. c4 c5 3. d5 b5 4. Qc2 bxc4 5. e4 e6 6. Bxc4 exd5 7. exd5 d6 8. Nc3 Be7 9. Nge2 Nbd7 10. a4 O-O 11. a5 Rb8 12. Bf4 Nh5 13. Bg3 Nxg3 14. hxg3 h6 15. Bd3 Ne5 16. Bh7+ Kh8 17. Bf5 Bxf5 18. Qxf5 Rxb2 19. g4 g6 20. Qf4 Nd3+ 0-1


[Site "https://www.chess.com"]

[Event "Titled Tuesday Blitz June 20 Early 2023"]
[White "Hambleton, Aman"]
[Black "Ansh M Shah"]
[WhiteFideId "2606577"]
[BlackFideId "25033379"]
[WhiteElo "2511"]
[BlackElo "2084"]
[Result "1-0"]
[Round "4"]
[TimeControl "180+2"]
[Date "2023.06.20"]
[WhiteClock "0:00:04"]
[BlackClock "0:00:04"]
[Board "132"]

1. e4 c6 2. d4 d5 3. exd5 cxd5 4. Bd3 Nc6 5. c3 Nf6 6. h3 e5 7. dxe5 Nxe5 8. Nf3 Nxd3+ 9. Qxd3 Bd6 10. O-O O-O 11. Bg5 Be6 12. Nbd2 Be7 13. Nd4 h6 14. Bh4 Nh5 15. Bxe7 Qxe7 16. Rfe1 Rae8 17. Re5 Nf4 18. Qg3 Qf6 19. Rae1 Bd7 20. Rxe8 Rxe8 21. Rxe8+ Bxe8 22. Qe3 Bd7 23. N2f3 a6 24. Qe5 Qxe5 25. Nxe5 Be6 26. Kf1 f6 27. Ng6 Nxg6 28. Nxe6 Ne5 29. Ke2 Nc4 30. b3 Nd6 31. Nf4 Ne4 32. Nxd5 Kf7 33. f3 Ng3+ 34. Kf2 Nf5 35. g4 Nd6 36. Ke3 Ke6 37. Nf4+ Kf7 38. c4 Ke7 39. h4 Nf7 40. h5 Ne5 41. Nd5+ Ke6 42. Ke4 Nc6 43. Ne3 Nb4 44. a3 Nc6 45. Nf5 Kf7 46. Nd6+ Ke6 47. Nxb7 Na5 48. Nxa5 1-0


[Site "https://www.chess.com"]

[Event "Titled Tuesday Blitz June 20 Early 2023"]
[White "Oro, Faustino"]
[Black "zsizsi99"]
[WhiteFideId "20000197"]
[WhiteElo "1984"]
[BlackElo "2434"]
[Result "1-0"]
[Round "4"]
[TimeControl "180+2"]
[Date "2023.06.20"]
[WhiteClock "0:00:04"]
[BlackClock "0:00:00"]
[Board "133"]

1. e4 c5 2. Nf3 e6 3. d4 cxd4 4. Nxd4 Nf6 5. Nc3 Nc6 6. Ndb5 Bc5 7. Bf4 O-O 8. Bc7 Qe7 9. Bd6 Bxd6 10. Qxd6 Qd8 11. Be2 a6 12. Na3 b5 13. Nab1 b4 14. Nd1 Nxe4 15. Qf4 d5 16. O-O e5 17. Qc1 Nd4 18. Bd3 Nc5 19. Qd2 e4 20. Be2 Qf6 21. c3 Ncb3 22. axb3 Nxb3 23. Qxd5 Be6 24. Qxe4 Nxa1 25. Qxb4 Rfb8 26. Qa4 Rxb2 27. Nxb2 Nb3 28. Bc4 Nc5 29. Qb4 Rc8 30. Bxe6 Qxe6 31. Nd2 h5 32. Nf3 Qf6 33. Qd4 Qb6 34. Nc4 Qb3 35. Nd6 Ne6 36. Qa7 Rf8 37. Qxa6 Qxc3 38. Qc4 Qa3 39. Ne4 Qe7 40. h3 g6 41. Re1 Qa7 42. Qc3 Ng7 43. Nf6+ Kh8 44. Ng5 Qb7 45. Ne8 f6 46. Nxf6 Qb6 47. Nfe4 Kg8 48. Qc4+ Kh8 49. Rd1 Qa7 50. Qc5 Qa8 51. Rd7 1-0


[Site "https://www.chess.com"]

[Event "Titled Tuesday Blitz June 20 Early 2023"]
[White "Aradhya, Garg"]
[Black "Marn, Jan"]
[WhiteFideId "25006746"]
[BlackFideId "14619245"]
[WhiteElo "2263"]
[BlackElo "2242"]
[Result "1-0"]
[Round "4"]
[TimeControl "180+2"]
[Date "2023.06.20"]
[WhiteClock "0:01:30"]
[BlackClock "0:00:11"]
[Board "134"]

1. d4 d5 2. c4 e6 3. Nc3 a6 4. cxd5 exd5 5. a3 Nf6 6. Bg5 Bd6 7. Nxd5 Be6 8. Nxf6+ gxf6 9. Bh4 Nc6 10. e3 Rg8 11. Bg3 Qd7 12. Bd3 h5 13. Nf3 Bg4 14. Bxd6 Qxd6 15. h3 Be6 16. Nh4 O-O-O 17. Qf3 Ne5 18. dxe5 Qxd3 19. exf6 Qd2+ 20. Kf1 Qxb2 21. Re1 Qxa3 22. Qxh5 Qb4 23. Rc1 Rh8 24. Qe5 Bc4+ 25. Kg1 Rxh4 26. g3 Rhh8 27. Qe4 b5 28. Qa8+ Kd7 29. Rd1+ Ke6 30. Rxd8 Qb1+ 31. Kg2 Rxd8 32. Qxd8 Bd5+ 33. Qxd5+ 1-0


[Site "https://www.chess.com"]

[Event "Titled Tuesday Blitz June 20 Early 2023"]
[White "Savitha Shri B"]
[Black "Danielyan, Vahe"]
[WhiteFideId "35061887"]
[BlackFideId "13304828"]
[WhiteElo "2172"]
[BlackElo "2423"]
[Result "1-0"]
[Round "4"]
[TimeControl "180+2"]
[Date "2023.06.20"]
[WhiteClock "0:00:18"]
[BlackClock "0:00:00"]
[Board "135"]

1. d4 Nf6 2. Nc3 d5 3. Bf4 a6 4. a4 c5 5. dxc5 Nc6 6. Nf3 Bg4 7. Ne5 Nxe5 8. Bxe5 e6 9. Qd4 Bf5 10. g4 Bg6 11. g5 Nd7 12. Bxg7 Bxc5 13. Qd2 Rg8 14. Bd4 Qb6 15. Bxc5 Nxc5 16. O-O-O Rc8 17. Qd4 Nb3+ 18. cxb3 Qxb3 19. e4 Bxe4 20. Bd3 Bxh1 21. Rxh1 Rxg5 22. Bc2 Qc4 23. Qh8+ Ke7 24. Qxh7 Qf4+ 25. Kb1 Qxf2 26. Rd1 Rg2 27. Rc1 Rxh2 28. Qg7 Rg2 29. Qe5 Rc5 30. Qb8 d4 31. Qxb7+ Kf8 32. Ne4 Qf3 33. Nxc5 Qe3 34. Qb4 d3 35. Nxd3+ Kg7 36. Qc3+ f6 37. Qc7+ Kg6 38. Nf4+ Kg5 39. Nxg2 Qf2 40. Qa5+ e5 41. Qe1 Qxg2 42. Qg1 Qxg1 43. Rxg1+ 1-0


[Site "https://www.chess.com"]

[Event "Titled Tuesday Blitz June 20 Early 2023"]
[White "Mrudul Dehankar"]
[Black "Rahman, Masruri"]
[WhiteFideId "25096990"]
[BlackFideId "7101163"]
[WhiteElo "2139"]
[BlackElo "2256"]
[Result "0-1"]
[Round "4"]
[TimeControl "180+2"]
[Date "2023.06.20"]
[WhiteClock "0:00:00"]
[BlackClock "0:00:29"]
[Board "136"]

1. e4 e6 2. d4 d5 3. e5 c5 4. c3 Nc6 5. Nf3 Qb6 6. Bd3 cxd4 7. O-O Bd7 8. Re1 Nh6 9. c4 dxc4 10. Bxc4 Nf5 11. Bd3 Be7 12. Na3 Bxa3 13. bxa3 Nce7 14. Rb1 Qc7 15. Qb3 Bc6 16. Ng5 h6 17. Nh3 O-O 18. a4 Nd5 19. Bd2 Nh4 20. Rbc1 Qd7 21. Be4 Ng6 22. Qg3 Nde7 23. Bd3 Bxa4 24. Nf4 Nxf4 25. Bxf4 Ng6 26. Bd2 Bb5 27. Be4 Bc6 28. Bd3 Qd5 29. Bc4 Qd7 30. h4 Ne7 31. Bd3 Kh8 32. Qg4 Nf5 33. Qh5 g6 34. Qg4 Kh7 35. Qf4 Rh8 36. h5 Kg7 37. hxg6 fxg6 38. g4 Ne7 39. Qf6+ Kg8 40. Qh4 Rf8 41. Bxh6 Rf7 42. Qg5 Rhh7 0-1


[Site "https://www.chess.com"]

[Event "Titled Tuesday Blitz June 20 Early 2023"]
[White "Gorovets, Andrey"]
[Black "Goncalves, Davi Sulzbacher"]
[WhiteFideId "13504037"]
[BlackFideId "2154510"]
[WhiteElo "2459"]
[BlackElo "2182"]
[Result "1-0"]
[Round "4"]
[TimeControl "180+2"]
[Date "2023.06.20"]
[WhiteClock "0:00:05"]
[BlackClock "0:00:00"]
[Board "137"]

1. c4 Nf6 2. g3 e5 3. Bg2 Nc6 4. Nc3 Bc5 5. e3 O-O 6. Nge2 Re8 7. a3 Bf8 8. O-O e4 9. Qc2 Ne5 10. Nxe4 d6 11. f4 Ng6 12. N4c3 c6 13. b3 Bg4 14. h3 Bd7 15. Bb2 Rc8 16. g4 d5 17. Ng3 d4 18. exd4 Bxg4 19. hxg4 Nxg4 20. Nf5 Nh4 21. Ne3 Rxe3 22. dxe3 Nxe3 23. Qd2 Nexg2 24. Rf2 Bd6 25. Ne4 f5 26. Nxd6 Qxd6 27. Raf1 Re8 28. Rxg2 Nxg2 29. Kxg2 Re6 30. Rf3 Qe7 31. Rf2 Rg6+ 32. Kf1 Qe4 33. d5 Qh1+ 34. Ke2 Rg3 35. Qd4 Qh5+ 36. Kd2 1-0


[Site "https://www.chess.com"]

[Event "Titled Tuesday Blitz June 20 Early 2023"]
[White "Pacan-Milej, Kosma"]
[Black "Rangel, Daniel"]
[WhiteFideId "21800537"]
[BlackFideId "2124475"]
[WhiteElo "2302"]
[BlackElo "2231"]
[Result "0-1"]
[Round "4"]
[TimeControl "180+2"]
[Date "2023.06.20"]
[WhiteClock "0:00:42"]
[BlackClock "0:00:46"]
[Board "138"]

1. d4 Nf6 2. c4 e6 3. Nc3 d5 4. cxd5 exd5 5. Bg5 c6 6. e3 Be7 7. Bd3 Nbd7 8. Qc2 Nh5 9. Bxe7 Qxe7 10. O-O-O Nb6 11. Kb1 g6 12. h3 Ng7 13. g4 h5 14. Nf3 hxg4 15. hxg4 Rxh1 16. Rxh1 Ne6 17. Rh8+ Nf8 18. Ne5 Nd7 19. f4 Nxe5 20. fxe5 Bxg4 21. Bxg6 Qg5 22. Bd3 Qxe3 23. a3 Qxd4 24. Qd2 O-O-O 25. Ka2 Be6 26. Qe2 Nd7 27. Rxd8+ Kxd8 28. Bc2 Qxe5 29. Qf2 d4+ 0-1


[Site "https://www.chess.com"]